 Dungeon Crawl Stone Soup version 0.31-a0-202-g547052bce9 (webtiles) character file.

Game seed: 11739575560575646743

466 qw the Skirmisher (level 6, -1/35 HPs)
             Began as a Deep Elf Hunter on June 26, 2023.
             Slain by an ogre
             ... wielding a +0 giant club
              (8 damage)
             ... on level 5 of the Dungeon.
             The game lasted 00:01:18 (2922 turns).

qw the Skirmisher (Deep Elf Hunter)                 Turns: 2922, Time: 00:01:18

Health: -1/35      AC:  6    Str: 10    XL:     6   Next: 81%
Magic:  8/8        EV: 11    Int: 14    God:
Gold:   149        SH:  0    Dex: 18    Spells: 5/5 levels left

rFire   . . .        k - +0 shortbow (heavy)
rCold   + . .        (shield currently unavailable)
rNeg    . . .        n - +0 ring mail
rPois   .            l - +0 helmet
rElec   .            (no cloak)
rCorr   .            (no gloves)
SInv    .            (no boots)
Will    .....        j - amulet of regeneration
Stlth   +            e - ring of protection from cold
HPRegen 1.05/turn    (no ring)
MPRegen 0.11/turn

%: no passive effects
@: about to teleport
A: no striking features
a: no special abilities


You were on level 5 of the Dungeon.
You visited 1 branch of the dungeon, and saw 5 of its levels.

You collected 245 gold pieces.
You spent 96 gold pieces at shops.


   Skills:
 - Level 2.0 Fighting
 + Level 10.1 Ranged Weapons
 - Level 1.1 Armour
 - Level 3.0 Dodging
 - Level 1.2 Stealth


You had 5 spell levels left.
You didn't know any spells.
Your spell library was empty.

Inventory:

Hand Weapons
 k - a +0 heavy shortbow (weapon)
Armour
 l - a +0 helmet (worn)
 n - a +0 ring mail (worn)
Jewellery
 e - a ring of protection from cold (left hand)
 j - an amulet of regeneration (around neck)
Scrolls
 d - a scroll of identify
Potions
 a - a potion of lignification {unknown}
 b - a potion of might
 c - 2 potions of curing
 h - a potion of enlightenment
 i - a potion of attraction {unknown}

Dungeon Overview and Level Annotations

Branches:
Dungeon (5/15)
 Temple: D:4-7

Altars:

Shops:
D:3 !


Message History

The orc priest hits you with a +0 short sword.
The orc hits you but does no damage.
You shoot an arrow. The arrow hits the orc priest.
The orc priest is heavily wounded.
The jackal bites you.
The orc priest looks satisfied for a moment.
The orc hits you but does no damage. The jackal completely misses you.
The jackal closely misses you. The orc priest barely misses you.
The orc hits you but does no damage. The jackal barely misses you.
You shoot an arrow. The arrow hits the orc priest!
The orc priest is almost dead.
The jackal bites you. The jackal closely misses you.
The orc priest hits you but does no damage.
The orc hits you with a +0 hand axe. The jackal barely misses you.
The jackal closely misses you.
You shoot an arrow.
The arrow closely misses the orc priest.
The jackal barely misses you. The orc priest misses you.
The orc barely misses you. The jackal bites you.
The jackal completely misses you. The orc priest closely misses you.
The orc hits you but does no damage. The jackal misses you.
You shoot an arrow. The arrow hits the orc priest!
You kill the orc priest!
The jackal bites you but does no damage.
The ogre closely misses you. The orc hits you with a +0 hand axe.
The jackal closely misses you. x2
The jackal bites you but does no damage.
You shoot an arrow. The arrow hits the ogre!
The ogre is moderately wounded.
The jackal closely misses you. x2
The jackal bites you but does no damage. x2
The orc misses you. The ogre hits you with a +0 giant club!
The jackal bites you but does no damage. x4
The orc hits you with a +0 hand axe. The jackal closely misses you.
2922 ||| READING scroll of teleportation.
As you read the scroll of teleportation, it crumbles to dust.
You feel strangely unstable.
The jackal bites you but does no damage. x2
The jackal misses you. The ogre hits you with a +0 giant club!
You die...

## #..##...# #....#....
...##.......###....#....
.............##.........
........................
........)....##.........
............###........
......%....## #>.......
......ohh.## .........
.)....O@h## .........
......h)## ....##..#
........# ...### .##
........# ....#....
..###..## . ###


You could see an ogre, an orc and 4 jackals.

Vanquished Creatures
  A hound (D:5)
  4 orc priests
  A sleepcap (D:4)
  An iguana (D:4)
  3 orc wizards
  5 gnolls
  4 adders
  A white imp (D:4)
  An ufetubus (D:4)
  A worm (D:4)
  4 dart slugs
  13 orcs
  3 ball pythons
  6 endoplasms
  3 giant cockroaches
  6 goblins
  5 hobgoblins
  5 kobolds
  2 quokkas
  3 bats
  5 frilled lizards
  9 rats
86 creatures vanquished.

Notes
Turn   | Place    | Note
-------+----------+-------------------------------------------
     0 | D:1      | qw the Deep Elf Hunter began the quest for the Orb.
     0 | D:1      | Reached XP level 1. HP: 12/12 MP: 3/3
     0 | D:1      | 0 ||| qw: Version: 0.3-a-22-g0ed2b0b
     0 | D:1      | 0 ||| qw: Game counter: 6181
     0 | D:1      | 0 ||| qw: Melee chars always use a shield: true
     0 | D:1      | 0 ||| qw: God list: Okawaru
     0 | D:1      | 0 ||| qw: Allow faded altars: false
     0 | D:1      | 0 ||| qw: Do Orc after clearing Dungeon:15 true
     0 | D:1      | 0 ||| qw: Do second Lair branch before Depths: true
     0 | D:1      | 0 ||| qw: Lair rune preference: random
     0 | D:1      | 0 ||| qw: Goals: Normal
     0 | D:1      | 0 ||| PLANNING D:1-11
    70 | D:1      | Reached skill level 6 in Ranged Weapons
    70 | D:1      | Reached XP level 2. HP: 16/16 MP: 4/4
   405 | D:1      | 405 ||| UPGRADING to +0 scale mail.
   415 | D:1      | 415 ||| DROPPING +0 leather armour.
   416 | D:1      | 416 ||| READING 2 scrolls labelled ZUIG REHINA.
   421 | D:1      | 421 ||| READING scroll labelled ZEKU JYBRIXZOV.
   422 | D:1      | 422 ||| DRINKING 2 smoky dark potions.
   423 | D:1      | 423 ||| DROPPING scroll of butterflies.
   457 | D:2      | HP: 4/16 [adder (3)]
   458 | D:2      | 458 ||| READING scroll of teleportation.
   458 | D:2      | HP: 1/16 [poisoned by an adder]
   459 | D:2      | 459 ||| DRINKING potion of heal wounds.
   461 | D:2      | Reached XP level 3. HP: 16/20 MP: 5/5
   547 | D:2      | Reached skill level 7 in Ranged Weapons
   591 | D:2      | Reached XP level 4. HP: 15/25 MP: 6/6
  1023 | D:2      | Found a faded altar of an unknown god.
  1255 | D:2      | 1255 ||| READING scroll labelled DOTOEF RAJIJ.
  1388 | D:3      | 1388 ||| STAIRDANCE
  1481 | D:3      | You fall into a shaft and drop 1 floor!
  1489 | D:4      | 1489 ||| READING scroll labelled MUSEGE MUMU.
  1494 | D:4      | 1494 ||| FLEEEEING.
  1495 | D:4      | 1495 ||| FLEEEEING.
  1496 | D:4      | 1496 ||| FLEEEEING.
  1497 | D:4      | 1497 ||| FLEEEEING.
  1498 | D:4      | 1498 ||| STAIRDANCE
  1502 | D:3      | Reached skill level 8 in Ranged Weapons
  1541 | D:3      | Found Ororch's Distillery.
  1552 | D:3      | 1552 ||| BUYING potion of curing (36 gold).
  1552 | D:3      | Bought a potion of curing for 36 gold pieces
  1552 | D:3      | 1552 ||| BUYING potion of enlightenment (60 gold).
  1552 | D:3      | Bought a potion of enlightenment for 60 gold pieces
  1552 | D:3      | 1552 ||| SHOPLISTING potion of haste (120 gold, have 49).
  1552 | D:3      | 1552 ||| SHOPLISTING potion of heal wounds (60 gold, have
                  | 49).
  1775 | D:3      | HP: 3/25 [orc/+0 trident (7)]
  1776 | D:3      | 1776 ||| READING scroll of teleportation.
  1778 | D:3      | HP: 1/25 [orc/+0 dagger (1)]
  1942 | D:3      | 1942 ||| DRINKING 2 potions of curing.
  1942 | D:3      | 1942 ||| (to cure confusion)
  1949 | D:3      | Reached XP level 5. HP: 25/29 MP: 7/7
  2234 | D:3      | 2234 ||| UPGRADING to +0 helmet.
  2239 | D:3      | 2239 ||| UPGRADING to amulet of regeneration.
  2244 | D:3      | 2244 ||| UPGRADING to ring of protection from cold.
  2245 | D:3      | 2245 ||| READING scroll labelled APEFEAR TAVUCW.
  2246 | D:3      | 2246 ||| READING scroll labelled TASHRETHR FESUTA.
  2247 | D:3      | 2247 ||| READING 2 scrolls labelled PUGOWY BUOSESM.
  2248 | D:3      | 2248 ||| READING scroll labelled BYDA SITWEJO.
  2249 | D:3      | 2249 ||| READING 2 scrolls labelled KIPHOMMUTHY.
  2250 | D:3      | 2250 ||| DROPPING scroll of immolation.
  2251 | D:3      | 2251 ||| DROPPING scroll of fear.
  2287 | D:4      | 2287 ||| STAIRDANCE
  2335 | D:4      | Reached skill level 9 in Ranged Weapons
  2377 | D:4      | Reached skill level 1 in Armour
  2404 | D:4      | Reached XP level 6. HP: 10/35 MP: 8/8
  2415 | D:4      | HP: 6/35 [something/puff of flame (6)]
  2818 | D:4      | 2818 ||| UPGRADING to +0 ring mail.
  2828 | D:4      | 2828 ||| DROPPING +0 scale mail.
  2829 | D:4      | 2829 ||| READING scroll labelled HONENW ABORIR.
  2844 | D:4      | 2844 ||| READING scroll labelled ZUXZIVEYCK.
  2845 | D:4      | 2845 ||| READING 3 scrolls of identify.
  2845 | D:4      | 2845 ||| IDENTIFYING yellow potion
  2846 | D:4      | 2846 ||| READING 2 scrolls of identify.
  2846 | D:4      | 2846 ||| IDENTIFYING smoky emerald potion
  2847 | D:4      | 2847 ||| DROPPING potion of degeneration.
  2855 | D:5      | Entered Level 5 of the Dungeon
  2901 | D:5      | Reached skill level 10 in Ranged Weapons
  2916 | D:5      | Reached skill level 3 in Dodging
  2921 | D:5      | HP: 6/35 [orc/+0 hand axe (4)]
  2922 | D:5      | 2922 ||| READING scroll of teleportation.
  2922 | D:5      | Slain by an ogre

Levels and vault maps discovered:
D:1:      dpeg_arrival_shrine, layout_rooms, serial_glass, glass_columns_b,
          glass_columns_a, glass_columns_a, glass_columns_a, item_on_display_a,
          due_unseen_surprise, item_on_display_a
D:2:      layout_loops_ring, dilly_ecumenical_altar_fadedgnrine, serial_rivers,
          chequers_serial_rivers_small_a, chequers_serial_rivers_room_a,
          chequers_serial_rivers_micro_d, chequers_serial_rivers_room_b,
          chequers_serial_rivers_room_a
D:3:      layout_basic, serial_shops, shop
D:4:      layout_cave_pools
D:5:      layout_layer_cave, kennysheep_mini_moat,
          mainiacjoe_overflow_large_starburst, minmay_misc_feat_square,
          serial_bayou_ford_a, nzn_random_ring

Skill      XL: |  1  2  3  4  5  6 |
---------------+-------------------+-----
Ranged Weapons | 6 7 8 9 10 | 10.1
Armour         | 1 |  1.1
Fighting       | 2 |  2.0
Dodging        | 3 |  3.0
Stealth        | |  1.2

Action                     |  1- 3 |  4- 6 || total
---------------------------+-------+-------++-------
   Fire: Shortbow          |    60 |   221 ||   281
    Use: Scroll            |     3 |    13 ||    16
         Potion            |     2 |     1 ||     3
 Armour: Scale mail        |     8 |    79 ||    87
         Ring mail         |       |    35 ||    35
  Dodge: Dodged            |     8 |    99 ||   107

Table legend:
 A = Non-vault XP
 B = Vault XP
 C = Vault XP percentage of total XP
 D = Non-vault monster count
 E = Vault monster count
 F = Vault count percentage of total count
                 A         B        C        D         E       F
            +---------+---------+-------+---------+---------+-------
      Total |     667 |       0 |   0.0 |      86 |       0 |   0.0
            +---------+---------+-------+---------+---------+-------
        D:1 |      37 |       0 |   0.0 |      13 |       0 |   0.0
        D:2 |     108 |       0 |   0.0 |      21 |       0 |   0.0
        D:3 |     123 |       0 |   0.0 |      24 |       0 |   0.0
        D:4 |     208 |       0 |   0.0 |      21 |       0 |   0.0
        D:5 |     191 |       0 |   0.0 |       7 |       0 |   0.0
            +---------+---------+-------+---------+---------+-------
